 Dungeon Crawl Stone Soup version 0.22-a0-284-g99d1f74 (webtiles) character file.

551 mhoghedin the Chiller (level 7, -5/54 (59) HPs)
             Began as a Ghoul Ice Elementalist on Mar 20, 2018.
             Was a Follower of Lugonu.
             Slain by an ogre
             ... wielding a +0 giant club
              (21 damage)
             ... on level 5 of the Dungeon.
             The game lasted 00:21:46 (6017 turns).

mhoghedin the Chiller (Ghoul Ice Elementalist)      Turns: 6017, Time: 00:21:47

HP:   -5/54 (59)    AC:  9    Str: 12    XL:     7   Next: 29%
MP:   5/8           EV: 12    Int: 12    God:    Lugonu [*.....]
Gold: 258           SH:  0    Dex:  9    Spells: 3/9 levels left

rFire    + . .     SeeInvis +   a - +0 spear (distort)
rCold    + . .     Gourm    .   (no shield)
rNeg     + + +     Faith    .   o - +0 robe
rPois    ∞         Spirit   .   (no helmet)
rElec    .         Reflect  .   q - +0 cloak
rCorr    .         Harm     .   j - +0 pair of gloves
MR       .....                  (no boots)
Stlth    ++........             x - amulet of regeneration {+regen, !d}
HPRegen  0.00/turn              f - ring of see invisible {sInv, !d}
MPRegen  0.11/turn              d - ring of protection from fire {rF+, !d}

@: icy armour, rotting, slow
A: rotting body, claws 1, carnivore, cold resistance 1, negative energy
resistance 3, inhibited regeneration, torment resistance, unbreathing
a: Depart the Abyss, Renounce Religion


You were on level 5 of the Dungeon.
You worshipped Lugonu.
Lugonu was aware of your devotion.
You were not hungry.

You visited 1 branch of the dungeon, and saw 5 of its levels.
You visited the Abyss 1 time.

You collected 258 gold pieces.

Inventory:

Hand Weapons
 a - a +0 spear of distortion (weapon)
   (You took it off a gnoll on level 2 of the Dungeon)
 b - a +1 hunting sling of flaming
   (You took it off a goblin on level 2 of the Dungeon)
 A - a +2 short sword of venom
   (You found it on level 2 of the Dungeon)
Missiles
 z - 177 stones (quivered)
Armour
 j - a +0 pair of gloves (worn)
   (You found it on level 1 of the Dungeon)
 o - a +0 robe (worn)
 q - a +0 cloak (worn)
   (You found it on level 2 of the Dungeon)
Jewellery
 d - a ring of protection from fire (right hand) {rF+, !d}
   (You found it on level 3 of the Dungeon)
 f - a ring of see invisible (left hand) {sInv, !d}
   (You found it on level 1 of the Dungeon)
 w - an uncursed ring of flight {+Fly, !d}
   (You found it on level 4 of the Dungeon)
 x - an amulet of regeneration (around neck) {+regen, !d}
   (You found it on level 4 of the Dungeon)
Wands
 u - a wand of flame (61)
   (You found it on level 3 of the Dungeon)
Scrolls
 c - a scroll of immolation {!r}
 m - 2 scrolls of enchant armour
 n - 4 scrolls of teleportation
 v - a scroll of remove curse
Potions
 g - 2 potions of heal wounds
 h - a potion of flight
 l - 2 potions of curing
 p - 2 potions of invisibility
 r - a potion of cancellation {unknown}
 s - 2 potions of lignification
 t - a potion of might {unknown}


   Skills:
 - Level 4.0 Fighting
   Level 0.5(1.7) Axes
   Level 2.3 Maces & Flails
 + Level 0.9(1.0) Polearms
 + Level 2.3 Slings
 - Level 1.7 Dodging
 - Level 2.1 Stealth
 - Level 1.7 Spellcasting
 - Level 0.7 Conjurations
 - Level 6.0 Ice Magic


You had 3 spell levels left.
You knew the following spells:

 Your Spells              Type           Power        Failure   Level  Hunger
a - Freeze                Ice            ###.         2%          1    ##.....
x - Throw Frost           Conj/Ice       #.....       11%         2    ###....
A - Ozocubu's Armour      Chrm/Ice       #.......     24%         3    ####...


Dungeon Overview and Level Annotations

Branches:
Dungeon (5/15)             Temple (0/1) D:4

Altars:
Ashenzari
Xom

Annotations:
D:5 galech's ghost, novice TrFi


Innate Abilities, Weirdness & Mutations

Your body is rotting away.
You thrive on raw meat.
You are immune to poison.
You have sharp fingernails.
You are carnivorous and can eat meat at any time.
Your flesh is cold resistant. (rC+)
You are immune to negative energy. (rN+++)
You do not regenerate when monsters are visible.
You are immune to unholy pain and torment.
You can survive without breathing.


Message History

You hit Ijyb.
Space bends around Ijyb.
You kill Ijyb!
Lugonu accepts your kill. The frilled lizard misses you.
You hit the frilled lizard.
You kill the frilled lizard!
Lugonu accepts your kill.
No target in view!
u - a wand of flame (61) (gained 26 charges)
Things that are here:
an enchanted club; a leather armour There isn't anything to butcher here.
There is a stone staircase leading up here.
You see here a frilled lizard corpse.
You butcher the frilled lizard corpse.
c - a chunk of flesh {@w0} Eating a chunk of flesh {@w0}.
You eat the chunk of flesh {@w0}.
You feel more resilient.
This raw flesh tastes great!
c - a scroll labeled KIMUHUEQIF Health restored: 54 You now have 258 gold pieces (gained 12).
Galech's ghost turns its malevolent gaze towards you.
Galech's ghost is too close now for your liking.
You hit galech's ghost but do no damage.
Space bends around galech's ghost.
Galech's ghost hits you but does no damage.
You hit galech's ghost but do no damage.
Space bends around galech's ghost.
Galech's ghost hits you!
You take 9 damage, and have 45/54 hp.
You completely miss galech's ghost. Galech's ghost hits you!
You take 10 damage, and have 35/54 hp.
You closely miss galech's ghost. Galech's ghost hits you!
You take 10 damage, and have 25/54 hp.
You are too injured to fight recklessly!
You barely miss galech's ghost. Galech's ghost barely misses you.
You hit galech's ghost.
Space bends around galech's ghost.
Galech's ghost hits you.
You take 4 damage, and have 21/54 hp.
You barely miss galech's ghost. Galech's ghost hits you!
* * * LOW HITPOINT WARNING * * *
x2 You take 18 damage, and have 3/54 hp.
MASSIVE DAMAGE!!
Found a stone staircase leading down.
There is a stone staircase leading up here.
Galech's ghost misses you.
You climb upwards.
There is a stone staircase leading down here.
You start resting.
Health restored: 54
Okay, then.
Unknown command.
As you read the scroll of identify, it crumbles to dust.
c - a scroll of immolation
As you read the scroll of identify, it crumbles to dust.
l - 2 potions of curing
As you read the scroll of identify, it crumbles to dust.
e - a potion of mutation Drop what? 24/52 slots (_ for help) (? for menu, Esc to quit)
You drop a potion of mutation.
Unknown command.
Things that are here:
a robe; an enchanted dagger
Things that are here:
a war axe; a scale mail
There is a stone staircase leading down here.
You climb downwards.
Level annotation: galech's ghost, novice TrFi
There is a stone staircase leading up here.
An ogre comes into view.
It is wielding a giant club. 3 orcs come into view.
The orc shouts!
Attack whom?
Aim: an ogre, wielding a giant club You reach to attack!
You closely miss the ogre.
The orc shouts!
An orc comes into view. It is wielding a war axe.
A film of ice covers your body!
The orc shouts!
The ogre hits you with a giant club!!
You take 23 damage, and have 31/54 hp.
MASSIVE DAMAGE!!
You now have 5/8 mp.
You are too injured to fight recklessly!
You hit the ogre.
Space warps horribly around the ogre!
The ogre hits you with a giant club!
* * * LOW HITPOINT WARNING * * *
You take 15 damage, and have 16/54 hp.
MASSIVE DAMAGE!!
You hit the ogre. The ogre barely misses you.
An adder comes into view.
You barely miss the ogre.
The adder hisses angrily. 2 orcs come into view.
You closely miss the ogre.
The orc shouts!
The ogre barely misses you.
You closely miss the ogre.
The orc shouts!
The ogre hits you with a giant club!!
You die...

#.. #.#.........##.. #>
#...#####....#.. ..
#..######....#.. ..
..................
............####.#.#
#.####..####.. #...# #
#..# # .. ###.# ###..#
#.###.. #@..## #......
#...ooO.#.# ####...
#...o####.# #.... #...
#.########...#.#
#.o..####........[.###.#
o..........#############
$ ......................
......................
#####.....############


You could see an ogre and 5 orcs.

Vanquished Creatures
  A phantom (D:3)
  2 howler monkeys (D:4)
  A crimson imp (D:5)
  An orc priest (D:5)
  Ijyb (D:5)
  2 orc wizards (D:4)
  3 worker ants (D:4)
  3 gnolls
  5 adders
  2 oozes
  5 worms
  2 dart slugs
  3 leopard geckos
  2 orcs (D:4)
  8 bats
  A giant cockroach (D:1)
  6 goblins
  5 hobgoblins
  8 jackals
  5 kobolds
  A ball python (D:2)
  5 frilled lizards
  A jackal skeleton (D:4)
  A leopard gecko skeleton (D:3)
  A quokka skeleton (D:4)
  7 rats
82 creatures vanquished.

Notes
Turn   | Place    | Note
-------+----------+-------------------------------------------
     0 | D:1      | mhoghedin the Ghoul Ice Elementalist began the quest for the Orb.
     0 | D:1      | Reached XP level 1. HP: 14/14 MP: 2/2
    52 | D:1      | HP: 3/15 [jackal (1)]
    54 | D:1      | Reached skill level 1 in Fighting
    58 | D:1      | HP: 3/16 [jackal (1)]
   335 | D:1      | Reached XP level 2. HP: 21/24 MP: 0/3
   431 | D:1      | Reached skill level 2 in Fighting
   966 | D:1      | Reached XP level 3. HP: 30/30 MP: 1/4
  1361 | D:2      | HP: 7/30 [worm (11)]
  1366 | D:2      | HP: 6/30 [worm (11)]
  1660 | D:2      | Reached skill level 3 in Fighting
  1660 | D:2      | Reached skill level 1 in Maces & Flails
  2000 | D:1      | Reached XP level 4. HP: 13/37 MP: 0/5
  2349 | D:2      | Learned a level 3 spell: Ozocubu's Armour
  2978 | D:2      | Reached skill level 2 in Maces & Flails
  3174 | D:2      | Reached XP level 5. HP: 37/46 MP: 6/6
  3244 | D:2      | Cast into level 1 of the Abyss (gnoll)
  3324 | Abyss:1  | Found a corrupted altar of Lugonu.
  3333 | Abyss:1  | Became a worshipper of Lugonu the Unformed
  3333 | Abyss:1  | Reached * piety under Lugonu
  3334 | D:2      | Escaped the Abyss
  3428 | D:3      | Reached skill level 4 in Fighting
  3710 | D:3      | Found a shattered altar of Ashenzari.
  3957 | D:3      | Learned a level 2 spell: Throw Frost
  4251 | D:4      | Found a staircase to the Ecumenical Temple.
  4501 | D:4      | Found a shimmering altar of Xom.
  4543 | D:4      | Reached skill level 4 in Ice Magic
  4547 | D:4      | Reached XP level 6. HP: 24/49 MP: 7/7
  4554 | D:4      | Reached skill level 5 in Ice Magic
  4715 | D:4      | Noticed a phantom
  4877 | D:5      | Entered Level 5 of the Dungeon
  4914 | D:4      | HP: 12/50 [orc priest/hand axe (8)]
  4920 | D:4      | HP: 6/50 [orc priest/hand axe (6)]
  5009 | D:4      | Reached skill level 6 in Ice Magic
  5324 | D:3      | Killed a phantom
  5324 | D:3      | Reached skill level 1 in Slings
  5324 | D:3      | Reached XP level 7. HP: 29/54 MP: 8/8
  5441 | D:2      | Reached skill level 2 in Slings
  5648 | D:5      | Noticed galech's ghost (novice TrFi)
  5656 | D:5      | HP: 13/53 [galech's ghost (9)]
  5736 | D:5      | Noticed Ijyb
  5741 | D:5      | Killed Ijyb
  5797 | D:5      | HP: 5/54 [galech's ghost (16)]
  6017 | D:5      | Slain by an ogre

Vault maps used:
D:1:      minmay_arrival_checkered_box
D:2:      serial_park_tiny_pond
D:3:      ashenzari_altar_1
D:4:      kennysheep_mini, minmay_temple_entry_poolview, dk_noncrumbling_4,
          minmay_divided_ellipse
D:5:      yredelemnul_altar_generic, elyvilon_altar_1, nemelex_altar_shiori,
          first_ration, uniq_ijyb

Skill      XL: |  1  2  3  4  5  6  7 |
---------------+----------------------+-----
Fighting       | 1 2 3 4 |  4.0
Maces & Flails | 1 2 |  2.3
Ice Magic      | 4 6 |  6.0
Slings         | 1 2 |  2.3
Axes           | |  0.5
Polearms       | |  0.9
Dodging        | |  1.7
Stealth        | |  2.1
Spellcasting   | |  1.7
Conjurations   | |  0.7

Action                   |  1- 3 |  4- 6 |  7- 9 || total
-------------------------+-------+-------+-------++-------
Melee: Unarmed           |    24 |       |       ||    24
       Hand axe          |    21 |       |       ||    21
       Whip              |    65 |    46 |       ||   111
       Short sword       |       |   126 |       ||   126
       Spear             |       |       |    24 ||    24
 Fire: Hunting sling     |       |    27 |     8 ||    35
 Cast: Freeze            |    36 |    23 |       ||    59
       Ozocubu's Armour  |       |       |     1 ||     1
Invok: Depart the Abyss  |       |     1 |       ||     1
Evoke: Wand              |       |       |     1 ||     1
  Use: Scroll            |     2 |     9 |     4 ||    15
 Stab: Sleeping          |       |     2 |       ||     2
  Eat: Chunk             |     6 |     7 |     1 ||    14
       Ration            |       |     4 |     1 ||     5
Armor: Robe              |    48 |    34 |     3 ||    85
Dodge: Dodged            |   137 |   147 |    10 ||   294

Table legend:
 A = Spawn XP
 B = Non-spawn XP
 C = Spawn XP percentage of total XP
 D = Spawn monster count
 E = Non-spawn monster count
 F = Spawn count percentage of total count
 G = Total turns spent on level
                    A         B        C        D         E        F      G
               +---------+---------+-------+---------+---------+-------+---------
         Total |       0 |     788 |   0.0 |       0 |      82 |   0.0 |  6017
               +---------+---------+-------+---------+---------+-------+---------
           D:1 |       0 |      55 |   0.0 |       0 |      22 |   0.0 |  1954
           D:2 |       0 |     127 |   0.0 |       0 |      23 |   0.0 |  1500
           D:3 |       0 |     168 |   0.0 |       0 |      20 |   0.0 |   778
           D:4 |       0 |     310 |   0.0 |       0 |      13 |   0.0 |  1459
           D:5 |       0 |     128 |   0.0 |       0 |       4 |   0.0 |   236
               +---------+---------+-------+---------+---------+-------+---------

Vault maps used:
D:1:      minmay_arrival_checkered_box
D:2:      serial_park_tiny_pond
D:3:      ashenzari_altar_1
D:4:      kennysheep_mini, minmay_temple_entry_poolview, dk_noncrumbling_4,
          minmay_divided_ellipse
D:5:      yredelemnul_altar_generic, elyvilon_altar_1, nemelex_altar_shiori,
          first_ration, uniq_ijyb

Table legend:
 A = Turns spent in this place as a percentage of turns spent in the entire game.
 B = Non-inter-level travel turns spent in this place as a percentage of non-inter-level travel turns spent in the entire game.
 C = Inter-level travel turns spent in this place as a percentage of turns spent in this place.
 D = Turns resting spent in this place as a percentage of non-inter-level travel turns spent in this place.
 E = Turns spent auto-exploring this place as a percentage of non-inter-level travel turns spent in this place.
 F = Non-inter-level travel turns spent in this place divided by the number of levels of this place that you've seen.
                   A       B       C       D       E      F
               +-------+-------+-------+-------+-------+----------------------
         Total | 100.0 | 100.0 |   6.5 |  38.7 |  39.8 | 937.8
       Dungeon |  98.5 |  98.4 |   6.6 |  39.4 |  39.2 | 1107.4
         Abyss |   1.5 |   1.6 |   0.0 |   0.0 |  77.8 |  90.0
               +-------+-------+-------+-------+-------+----------------------

Table legend:
 A = Kills in this place as a percentage of kills in entire the game.
 B = Kills by you in this place as a percentage of kills by you in the entire game.
 C = Kills by friends in this place as a percentage of kills by friends in the entire game.
 D = Other kills in this place as a percentage of other kills in the entire game.
 E = Experience gained in this place as a percentage of experience gained in the entire game.
 F = Experience gained in this place divided by the number of levels of this place that you have seen.
                   A       B       C       D       E      F
               +-------+-------+-------+-------+-------+----------------------
         Total | 100.0 | 100.0 |   N/A |   N/A | 100.0 | 131.3
       Dungeon | 100.0 | 100.0 |   N/A |   N/A | 100.0 | 157.6
               +-------+-------+-------+-------+-------+----------------------
